 Dungeon Crawl Stone Soup version 0.31-a0-1447-g87ca8d402b (webtiles) character file.

Game seed: 12413668296934177910

17393 pokeman the Eclecticist (level 12, 0/68 HPs)
             Began as a Deep Elf Hedge Wizard on Dec 27, 2023.
             Was a High Priest of Vehumet.
             Slain by a vampire mosquito (2 damage)
             ... on level 13 of the Dungeon.
             The game lasted 00:33:54 (13108 turns).

pokeman the Eclecticist (Deep Elf Hedge Wizard)    Turns: 13108, Time: 00:33:55

Health: 0/68       AC:  6    Str:  7    XL:     12   Next: 18%
Magic:  38/43      EV: 13    Int: 25    God:    Vehumet [*****.]
Gold:   848        SH:  0    Dex: 14    Spells: 0/43 levels left

rFire   + . .        a - +5 spear (venom)
rCold   . . .        (no shield)
rNeg    . . .        c - +2 robe {rF+}
rPois   .            l - +0 helmet
rElec   .            (no cloak)
rCorr   .            g - +0 pair of gloves
SInv    .            (no boots)
Will    +....        E - amulet of regeneration
Stlth   ++           A - ring of magical power
HPRegen 1.11/turn    M - ring of flight
MPRegen 0.28/turn

%: no passive effects
@: flying
A: no striking features
a: Renounce Religion


You were on level 13 of the Dungeon.
You worshipped Vehumet.
Vehumet was extremely pleased with you.
You visited 1 branch of the dungeon, and saw 13 of its levels.
You also visited: Sewer.

You collected 848 gold pieces.

Inventory:

Hand Weapons
 a - a +5 spear of venom (weapon)
Missiles
 F - 2 throwing nets
 G - 3 curare-tipped darts
Armour
 c - a +2 robe of fire resistance (worn)
 g - a +0 pair of gloves (worn)
 l - a +0 helmet (worn)
Jewellery
 A - a ring of magical power (left hand)
 E - an amulet of regeneration (around neck)
 L - a ring of ice
 M - a ring of flight (right hand)
Wands
 D - a wand of acid (8)
Scrolls
 b - 3 scrolls of blinking {unknown}
 f - 7 scrolls of teleportation {unknown}
 h - 2 scrolls of amnesia {unknown}
 k - a scroll of revelation {unknown}
 m - 5 scrolls of identify {unknown}
 n - 2 scrolls of noise {unknown}
 o - 4 scrolls of fog {unknown}
 q - 3 scrolls of vulnerability {unknown}
 r - a scroll of butterflies {unknown}
 t - 2 scrolls of acquirement {unknown}
 u - a scroll of silence {unknown}
 v - a scroll of immolation
 y - a scroll of enchant weapon {unknown}
 z - a scroll of brand weapon {unknown}
 C - 2 scrolls of poison {unknown}
Potions
 d - a potion of magic
 e - 6 potions of curing {unknown}
 i - 5 potions of heal wounds {unknown}
 j - 2 potions of haste {unknown}
 p - 2 potions of ambrosia {unknown}
 s - a potion of invisibility {unknown}
 w - 4 potions of enlightenment
 x - 4 potions of mutation
 B - 2 potions of might {unknown}
 H - a potion of attraction {unknown}
 I - a potion of berserk rage {unknown}
 J - a potion of cancellation {unknown}
 K - a potion of resistance {unknown}


   Skills:
 - Level 5.0 Fighting
 + Level 5.0 Armour
 - Level 3.1 Dodging
 - Level 3.0 Stealth
 * Level 16.4 Spellcasting
 + Level 10.8 Conjurations
 - Level 1.1 Summonings
 - Level 1.1 Translocations
 + Level 7.9 Fire Magic
 - Level 4.0 Air Magic
 - Level 1.1 Earth Magic
 - Level 1.0 Alchemy
 - Level 1.0 Evocations


You couldn't memorise any spells.
You knew the following spells:

 Your Spells              Type           Power      Damage    Failure   Level
a - Magic Dart            Conj           100%       1d8       1%          1
b - Mephitic Cloud        Conj/Alch/Air  47%        N/A       1%          3
c - Call Imp              Summ           52%        N/A       2%          2
d - Blink                 Tloc           52%        N/A       2%          2
e - Foxfire               Conj/Fire      100%       2x1d9     1%          1
f - Flame Wave            Conj/Fire      61%        2d14      1%          4
g - Starburst             Conj/Fire      30%        6d9       2%          6
h - Ignition              Fire           28%        3d9       80%         8
i - Irradiate             Conj/Alch      25%        3d20      1%          5
j - Iskenderun's Battles  Conj           65%        2d11      1%          5
k - Bombard               Conj/Erth      25%        9d5       9%          6

Your spell library contained the following spells:

 Spells                   Type           Power      Damage    Failure   Level
 Conjure Ball Lightning   Conj/Air       27%        3x3d8     5%          6
 Apportation              Tloc           52%        N/A       1%          1
 Shock                    Conj/Air       100%       1d9       1%          1
 Sting                    Conj/Alch      100%       1d9       1%          1
 Summon Small Mammal      Summ           100%       N/A       1%          1
 Cigotuvi's Dreadful Rot  Necr/Alch/Air  58%        N/A       1%          2
 Scorch                   Fire           100%       2d9       1%          2
 Searing Ray              Conj           100%       2d8       1%          2
 Dazzling Flash           Conj/Hex       94%        N/A       1%          3
 Hailstorm                Conj/Ice       47%        3d10      1%          3
 Inner Flame              Hex/Fire       40%        N/A       1%          3
 Swiftness                Air            40%        N/A       1%          3
 Volatile Blastmotes      Fire/Tloc      86%        2d17      1%          3
 Airstrike                Air            20%        2d(3-19)  1%          4
 Fulminant Prism          Conj/Alch      25%        3d14      1%          4
 Necrotise                Necr           80%        1d8       2%          1
 Slow                     Hex            80%        N/A       2%          1
 Olgreb's Toxic Radiance  Alch           25%        N/A       4%          4
 Summon Ice Beast         Ice/Summ       23%        N/A       6%          3
 Ozocubu's Armour         Ice            20%        N/A       8%          3
 Vampiric Draining        Necr           20%        2d7       8%          3
 Martyr's Knell           Necr/Summ      23%        N/A       21%         4
 Silence                  Hex/Air        15%        N/A       30%         5
 Spellforged Servitor     Conj/Summ      25%        N/A       41%         7
 Curse of Agony           Necr           20%        N/A       56%         5
 Metabolic Englaciation   Hex/Ice        10%        N/A       56%         5
 Summon Cactus Giant      Summ           13%        N/A       94%         6
 Sculpt Simulacrum        Ice/Alch       11%        N/A       97%         6
 Ozocubu's Refrigeration  Ice            10%        4d9       99%         7
 Maxwell's Capacitive Co  Air            20%        ∞         99%         8
 Discord                  Hex            10%        N/A       100%        8


Dungeon Overview and Level Annotations

Branches:
Dungeon (13/15)            Temple (0/1) D:7            Lair (0/5) D:10
    Orc (0/2) D:12          Sewer (visited)
 Vaults: D:13-14

Altars:
Fedhas
Makhleb
Nemelex Xobeh
Okawaru
Qazlal
Uskayaw
Vehumet
Zin

Annotations:
D:5 2 runed translucent doors, Crazy Yiuf; Sundig's ghost, novice DgFi
D:13 exclusion: orange crystal statue


Message History

The vampire mosquito draws strength from your injuries!
Casting: Starburst (dangerous; 2% risk of failure)
Confirm with . or Enter, or press ? or * to list all spells.
Casting: Starburst (dangerous; 2% risk of failure)
Press: ? - help, Dir - look around, f - activate The bolt of fire hits the vampire mosquito!!
You destroy the vampire mosquito!
Vehumet accepts your kill.
Vehumet offers you knowledge of Conjure Ball Lightning.
You feel your power returning.
The bolt of fire hits the vampire mosquito!!
You destroy the vampire mosquito!
Vehumet accepts your kill. The vampire mosquito bites you!
* * * LOW HITPOINT WARNING * * *
The vampire mosquito draws strength from your injuries!
The vampire mosquito bites you.
* * * LOW HITPOINT WARNING * * *
The vampire mosquito draws strength from your injuries!
Unknown command.
Aiming: Corrosive Bolt
Press: ? - help, Shift-Dir - straight line, f - centaur warrior
Aim: a centaur warrior, wielding a +0 orcbow (79% to hit)
The bolt of acid misses the vampire mosquito.
The bolt of acid hits the centaur warrior!
The acid corrodes the centaur warrior!
The centaur warrior is moderately wounded.
The vampire mosquito bites you but does no damage.
The vampire mosquito bites you.
* * * LOW HITPOINT WARNING * * *
The vampire mosquito draws strength from your injuries!
The vampire mosquito barely misses you. x2
Unknown command.
Unknown command.
Unknown command.
The vampire mosquito misses you. The vampire mosquito bites you!
* * * LOW HITPOINT WARNING * * *
The vampire mosquito draws strength from your injuries!
The vampire mosquito bites you.
You die...

##..# ##.# #..##
#.## ## #...# #..#
#. ##..# ##.###.
#..## #..##. ##..#
#...#. #..#######
#..##..
#...#....###...####.
#..#.@#........## #.
#...#.yy........ #.
#....#..c....... ##
#....#.......... #
#.... ##......... #
#... #.........
#..#......
...#......
..###.....


You could see a centaur warrior (corroded) and 2 vampire mosquitoes.

Vanquished Creatures
  A centaur warrior (D:13)
  2 two-headed ogres
  5 cyclopes
  2 manticores
  A gargoyle (D:12)
  2 kobold demonologists (D:8)
  2 komodo dragons
  2 unseen horrors
  4 trolls
  2 wraiths
  5 slime creatures (D:12)
  Sigmund (D:2)
  3 shadows
  18 yaks
  5 vampire mosquitoes
  A water moccasin (D:8)
  6 orc warriors
  6 black bears
  2 ice beasts (D:6)
  2 sky beasts
  An ogre (D:6)
  8 centaurs
  2 phantoms
  6 kobold brigands
  A brain worm (Sewer)
  4 bullfrogs
  4 gnoll sergeants
  A scorpion (D:6)
  An electric eel (D:6)
  12 howler monkeys
  A crimson imp (D:6)
  5 hounds
  A jelly (D:6)
  6 orc priests
  2 sleepcaps (D:6)
  9 orc wizards
  Robin (D:2)
  17 gnolls
  10 adders
  5 river rats (Sewer)
  A shadow imp (D:6)
  2 white imps
  An ufetubus (D:6)
  A worm (D:2)
  2 dart slugs
  42 orcs
  6 ball pythons
  13 bats
  6 endoplasms
  3 giant cockroaches (Sewer)
  11 goblins
  3 hobgoblins
  6 jackals
  25 kobolds
  5 quokkas
  5 frilled lizards
  8 rats
309 creatures vanquished.

Vanquished Creatures (collateral kills)
  A scorpion (D:6)
  An orc wizard (D:9)
  A gnoll (D:9)
  5 foxfires
8 creatures vanquished.

Vanquished Creatures (others)
  An electric eel (D:6)
  345 foxfires
346 creatures vanquished.

Grand Total: 663 creatures vanquished

Notes
Turn   | Place    | Note
-------+----------+-------------------------------------------
     0 | D:1      | pokeman the Deep Elf Hedge Wizard began the quest for the
                  | Orb.
     0 | D:1      | Reached XP level 1. HP: 10/10 MP: 7/7
   201 | D:1      | Reached XP level 2. HP: 15/15 MP: 4/9
   616 | D:1      | Found a faded altar of an unknown god.
   841 | D:2      | Reached skill level 5 in Spellcasting
   886 | D:2      | Reached XP level 3. HP: 20/20 MP: 3/11
   891 | D:2      | Learned a level 3 spell: Mephitic Cloud
   894 | D:2      | Learned a level 2 spell: Call Imp
   897 | D:2      | Learned a level 2 spell: Blink
  1032 | D:2      | Noticed Robin
  1048 | D:2      | Killed Robin
  1049 | D:2      | Reached skill level 1 in Fighting
  1049 | D:2      | Reached skill level 1 in Armour
  1058 | D:2      | HP: 1/20 [goblin/+0 club[Robin] (2)]
  1313 | D:2      | Noticed Sigmund
  1321 | D:2      | Reached XP level 4. HP: 25/25 MP: 8/13
  1335 | D:2      | Killed Sigmund
  1336 | D:2      | Reached skill level 5 in Conjurations
  1336 | D:2      | Reached XP level 5. HP: 14/29 MP: 4/15
  2010 | D:3      | Reached XP level 6. HP: 34/34 MP: 11/16
  2010 | D:3      | Found a glowing drain.
  2019 | Sewer    | Entered a sewer
  2388 | Sewer    | Reached skill level 6 in Spellcasting
  3182 | D:3      | Reached skill level 1 in Alchemy
  3835 | D:4      | Reached skill level 1 in Air Magic
  3835 | D:4      | Reached XP level 7. HP: 38/38 MP: 19/19
  4264 | D:4      | Found a glowing silver altar of Zin.
  4289 | D:4      | Found a radiant altar of Vehumet.
  4293 | D:4      | Became a worshipper of Vehumet
  4392 | D:4      | Found a stormy altar of Qazlal.
  4467 | D:5      | Entered Level 5 of the Dungeon
  4473 | D:5      | Reached skill level 7 in Spellcasting
  4703 | D:5      | Found an iron altar of Okawaru.
  4709 | D:5      | Found a sparkling altar of Nemelex Xobeh.
  4710 | D:5      | Found a blossoming altar of Fedhas.
  5038 | D:5      | Found a runed translucent door.
  5038 | D:5      | Noticed a two-headed ogre
  5039 | D:5      | Noticed Sundig's ghost (novice DgFi)
  5053 | D:5      | Reached skill level 1 in Evocations
  5092 | D:5      | Reached skill level 8 in Spellcasting
  5092 | D:5      | Reached XP level 8. HP: 43/44 MP: 16/22
  5271 | D:5      | Found a runed translucent door.
  5272 | D:5      | Noticed Crazy Yiuf
  5786 | D:6      | Found Faf Cuez's Book Shoppe.
  6024 | D:6      | Reached skill level 9 in Spellcasting
  6126 | D:6      | Reached * piety under Vehumet
  6126 | D:6      | Offered knowledge of Freeze by Vehumet.
  6385 | D:6      | Learned a level 4 spell: Flame Wave
  6730 | D:6      | Found a burning altar of Makhleb.
  6819 | D:6      | Reached skill level 10 in Spellcasting
  6819 | D:6      | Reached XP level 9. HP: 43/48 MP: 21/25
  7156 | D:7      | Reached skill level 1 in Fire Magic
  7437 | D:7      | Found a staircase to the Ecumenical Temple.
  8097 | D:8      | Noticed a +0 spear
  8097 | D:8      | Noticed a +0 dagger
  8097 | D:8      | Noticed a +0 dagger
  8098 | D:8      | Noticed a +0 short sword
  8098 | D:8      | Noticed a +0 spear
  8099 | D:8      | Noticed a +0 falchion
  8099 | D:8      | Noticed a +0 falchion
  8101 | D:8      | Found a hide-covered altar of Uskayaw.
  8102 | D:8      | Noticed a +0 short sword
  8312 | D:8      | Noticed a kobold demonologist
  8322 | D:8      | Noticed a kobold demonologist
  8331 | D:8      | Reached skill level 11 in Spellcasting
  8332 | D:8      | Killed a kobold demonologist
  8335 | D:8      | Reached ** piety under Vehumet
  8335 | D:8      | Offered knowledge of Foxfire by Vehumet.
  8336 | D:8      | Killed a kobold demonologist
  8339 | D:8      | Learned a level 1 spell: Foxfire
  8579 | D:8      | Noticed a two-headed ogre
  8585 | D:8      | Killed a two-headed ogre
  8586 | D:8      | Reached skill level 12 in Spellcasting
  8586 | D:8      | Reached XP level 10. HP: 56/56 MP: 28/28
  8716 | D:8      | Learned a level 6 spell: Starburst
  9376 | D:9      | Reached skill level 13 in Spellcasting
  9410 | D:9      | Offered knowledge of Frozen Ramparts by Vehumet.
  9748 | D:9      | Reached skill level 5 in Fire Magic
  9751 | D:9      | Reached *** piety under Vehumet
 10280 | D:10     | Entered Level 10 of the Dungeon
 10290 | D:10     | Noticed a cyclops
 10299 | D:10     | Killed a cyclops
 10537 | D:10     | Reached skill level 14 in Spellcasting
 10597 | D:10     | Reached skill level 5 in Fighting
 10597 | D:10     | Reached XP level 11. HP: 63/63 MP: 31/31
 10707 | D:10     | Found a staircase to the Lair.
 10958 | D:10     | Offered knowledge of Brom's Barrelling Boulder by Vehumet.
 11096 | D:10     | Found a transporter.
 11430 | D:11     | Noticed a two-headed ogre
 11434 | D:11     | Killed a two-headed ogre
 11831 | D:11     | Learned a level 8 spell: Ignition
 11837 | D:11     | Learned a level 5 spell: Irradiate
 11920 | D:11     | Reached **** piety under Vehumet
 11925 | D:11     | Reached skill level 15 in Spellcasting
 12037 | D:12     | Reached skill level 10 in Conjurations
 12037 | D:12     | Offered knowledge of Fireball by Vehumet.
 12141 | D:12     | Found a staircase to the Orcish Mines.
 12223 | D:12     | Learned a level 5 spell: Iskenderun's Battlesphere
 12548 | D:12     | Reached skill level 16 in Spellcasting
 12553 | D:12     | Reached XP level 12. HP: 31/68 MP: 29/34
 12850 | D:12     | Learned a level 6 spell: Bombard
 12977 | D:13     | Noticed a centaur warrior
 12984 | D:13     | Reached ***** piety under Vehumet
 12985 | D:13     | Killed a centaur warrior
 12986 | D:13     | Reached skill level 5 in Armour
 12986 | D:13     | Reached skill level 1 in Earth Magic
 13103 | D:13     | Noticed a centaur warrior
 13106 | D:13     | Offered knowledge of Conjure Ball Lightning by Vehumet.
 13108 | D:13     | HP: 2/68 [vampire mosquito (10)]
 13108 | D:13     | Slain by a vampire mosquito

Illustrated notes

Levels and vault maps discovered:
D:1:      lightli_molten_gateway, layout_rooms,
          dreamdust_ecumenical_altar_angels_and_demons
D:2:      layout_rooms, nrook_mini_backslash, cheibrodos_gnoll_hut,
          uniq_sigmund, uniq_robin
D:3:      layout_loops_ring, portal_sewer_entry_d
D:4:      layout_rooms, mainiacjoe_overflow_big_doors,
          nicolae_qazlal_eye_of_the_storm
D:5:      layout_basic, grunt_temple_overflow_open, ebering_ghost_inner_flame,
          uniq_crazy_yiuf_cottage
D:6:      layout_loops_ring, makhleb_grotto_becter, serial_demonic,
          serial_demonic_b, serial_demonic_b, serial_demonic_g,
          serial_demonic_d, kennysheep_diamond, kennysheep_generic_room_2
D:7:      layout_basic, temple_statues, st_stairs_13
D:8:      layout_gridville, nicolae_uskayaw_en_pointe
D:9:      layout_basic, nicolae_the_louvre
D:10:     layout_long_grid, grunt_lair_entry_orc_guard_hut, nicolae_diode_basic
D:11:     layout_cross, nicolae_twisting_strands
D:12:     layout_roguey, david_orc_2
D:13:     layout_cave_pods, david_vaults_1, minivault_16

Skill      XL: |  1  2  3  4  5  6  7  8  9 10 11 12 |
---------------+-------------------------------------+-----
Spellcasting   | 5 6 8 10 12 14 16 | 16.4
Fighting       | 1 2 3 5 |  5.0
Armour         | 1 2 3 4 5 |  5.0
Conjurations   | 2 5 6 7 8 9 10 | 10.8
Stealth        | 3 |  3.0
Dodging        | 3 |  3.1
Alchemy        | 1 |  1.0
Air Magic      | 1 2 4 |  4.0
Evocations     | 1 |  1.0
Fire Magic     | 3 5 7 |  7.9
Earth Magic    | 1 |  1.1
Summonings     | |  1.1
Translocations | |  1.1

Action                     |  1- 3 |  4- 6 |  7- 9 | 10-12 || total
---------------------------+-------+-------+-------+-------++-------
  Melee: Dagger            |    15 |    35 |    18 |       ||    68
         Spear             |       |       |       |    12 ||    12
         Short sword       |       |       |       |     2 ||     2
   Cast: Magic Dart        |    68 |   126 |   224 |     7 ||   425
         Mephitic Cloud    |     3 |     6 |    17 |    18 ||    44
         Call Imp          |       |     1 |     3 |       ||     4
         Flame Wave        |       |       |    21 |    12 ||    33
         Blink             |       |       |     1 |       ||     1
         Foxfire           |       |       |     2 |   197 ||   199
         Starburst         |       |       |       |    50 ||    50
         Iskenderun's Batt |       |       |       |     1 ||     1
  Evoke: Wand              |       |       |       |     1 ||     1
   Stab: Confused          |     1 |     5 |     1 |     1 ||     8
 Armour: Robe              |    16 |    21 |    72 |    61 ||   170
  Dodge: Dodged            |    13 |    25 |    74 |    44 ||   156

Table legend: (Time is in decaauts)
 A = Elapsed time spent in this place.
 B = Non-inter-level travel time spent in this place.
 C = Inter-level travel time spent in this place.
 D = Time resting spent in this place.
 E = Time spent auto-exploring this place.
 F = Levels seen in this place.
 G = Mean time per level.
                   A        B        C        D        E       F      G
               +--------+--------+--------+--------+--------+-----+--------+
         Total |  13280 |  12839 |    441 |    302 |  10875 |  14 |  948.6 |
       Dungeon |  12224 |  11783 |    441 |    302 |   9950 |  13 |  940.3 |
         Sewer |   1056 |   1056 |      0 |      0 |    924 |   1 | 1056.0 |
               +--------+--------+--------+--------+--------+-----+--------+

Top non-repeatable levels by time:
     D:6: 1551 daAuts
     D:9: 1295 daAuts
    D:10: 1149 daAuts
     D:2: 1130 daAuts
     D:5: 1092 daAuts
   Sewer: 1056 daAuts
     D:7: 962 daAuts
     D:8: 910 daAuts
     D:3: 908 daAuts
    D:12: 850 daAuts
     D:1: 834 daAuts
     D:4: 711 daAuts
    D:11: 602 daAuts
    D:13: 223 daAuts
